TOP OF THE 1ST |
St. Louis Cardinals batting - Pitching for Washington Nationals : RHP Jon Glenn
|
Pitching: RHP Jon Glenn
|
|
Batting: RHB Mike Bates
|
0-0: Ball 1-0: Called Strike 1-1: DOUBLE (Flyball, 78XD, EV 106.9 MPH)
|
Batting: LHB Pat Sutton
|
0-0: Called Strike 0-1: Ball 1-1: DOUBLE (Flyball, 89D, EV 95.6 MPH) Mike Bates scores
|
Batting: LHB Billy Guzman
|
0-0: Ball 1-0: Ball 2-0: Called Strike 2-1: Foul Ball, location: 2F 2-2: Ball 3-2: Strikes out swinging
|
Batting: LHB Armando Carbajal
|
0-0: 2-RUN HOME RUN (Line Drive, 78XD, EV 101.9 MPH), Distance : 406 ft
|
Batting: LHB Ichiro Toyota
|
0-0: Foul Ball, location: 2F 0-1: Ball 1-1: Swinging Strike 1-2: SINGLE (Line Drive, 89S, EV 99.4 MPH)
|
Batting: SHB Chris Blue
|
0-0: Called Strike 0-1: Foul Ball, location: 2F 0-2: Fly out, F7 (Flyball, 7D, EV 102.5 MPH)
|
Batting: RHB Klaas Meij
|
0-0: Called Strike 0-1: Ball 1-1: SINGLE (Line Drive, 4MD, EV 108.8 MPH) Ichiro Toyota to second
|
Batting: RHB Melvin Enriquez
|
0-0: Ball 1-0: Ball 2-0: Foul Ball, location: 2F 2-1: Ball 3-1: Fly out, F8 (Flyball, 8RM, EV 90.6 MPH)
|
Top of the 1st over - 3 runs, 5 hits, 0 errors, 2 left on base; St. Louis 3 - Washington 0 |
BOTTOM OF THE 1ST |
Washington Nationals batting - Pitching for St. Louis Cardinals : LHP Tsugunosuke Murakami
|
Pitching: LHP Tsugunosuke Murakami
|
|
Batting: RHB Tommy Baird
|
0-0: Ball 1-0: SINGLE (Groundball, 4MD, EV 102.5 MPH)
|
Batting: SHB Dylan Novakowski
|
0-0: Called Strike 0-1: Ball 1-1: Called Strike Tommy Baird steals 2nd base 1-2: Foul Ball, location: 2F 1-2: SINGLE (Flyball, 8LS, EV 96.9 MPH) Tommy Baird to third
|
Batting: RHB John Sanders
|
0-0: Grounds out, U3 (Groundball, 3L, EV 81.2 MPH) Tommy Baird scores
|
Batting: RHB Kirk Arp
|
0-0: Ball 1-0: Ball 2-0: Ball 3-0: Called Strike 3-1: Swinging Strike 3-2: Ground out 5-3 (Groundball, 56, EV 91.9 MPH)
|
Batting: RHB Dave Vargas
|
0-0: Called Strike 0-1: Ground out 5-3 (Groundball, 15, EV 91.2 MPH)
|
Bottom of the 1st over - 1 run, 2 hits, 0 errors, 1 left on base; St. Louis 3 - Washington 1 |
TOP OF THE 2ND |
St. Louis Cardinals batting - Pitching for Washington Nationals : RHP Jon Glenn
|
Batting: SHB Jason Kirby
|
0-0: Called Strike 0-1: Called Strike 0-2: Ball 1-2: Strikes out swinging
|
Batting: RHB Mike Bates
|
0-0: Foul Ball, location: 2F 0-1: Ground out 5-3 (Groundball, 56, EV 84.4 MPH)
|
Batting: LHB Pat Sutton
|
0-0: Called Strike 0-1: SOLO HOME RUN (Flyball, 9D, EV 95.6 MPH), Distance : 374 ft
|
Batting: LHB Billy Guzman
|
0-0: Ball 1-0: Ball 2-0: Called Strike 2-1: Ball 3-1: Foul Ball, location: 2F 3-2: Strikes out looking
|
Top of the 2nd over - 1 run, 1 hit, 0 errors, 0 left on base; St. Louis 4 - Washington 1 |
BOTTOM OF THE 2ND |
Washington Nationals batting - Pitching for St. Louis Cardinals : LHP Tsugunosuke Murakami
|
Batting: RHB Dan Fallon
|
0-0: Ball 1-0: Ball 2-0: Ball 3-0: Called Strike 3-1: Foul Ball, location: 2F 3-2: Foul Ball, location: 2F 3-2: Foul Ball, location: 2F 3-2: Foul Ball, location: 2F 3-2: Ground out 6-3 (Groundball, 6, EV 89.4 MPH)
|
Batting: LHB Kyung-jin Cho
|
0-0: SINGLE (Groundball, 6M, EV 107.5 MPH) (infield hit)
|
Batting: RHB Darren McCarty Jr.
|
0-0: Ball 1-0: Ball Kyung-jin Cho is caught stealing 2nd base 2-4 2-0: Foul Ball, location: 2F 2-1: Ball 3-1: Swinging Strike 3-2: Foul Ball, location: 2F 3-2: Foul Ball, location: 2F 3-2: Foul Ball, location: 2F 3-2: Base on Balls
|
Batting: LHB Bob Melley
|
0-0: Swinging Strike 0-1: Ball 1-1: Foul Ball, location: 2F 1-2: Strikes out swinging
|
Bottom of the 2nd over - 0 runs, 1 hit, 0 errors, 1 left on base; St. Louis 4 - Washington 1 |
TOP OF THE 3RD |
St. Louis Cardinals batting - Pitching for Washington Nationals : RHP Jon Glenn
|
Batting: LHB Armando Carbajal
|
0-0: Ball 1-0: Called Strike 1-1: Foul Ball, location: 2F 1-2: Ground out U3 (Groundball, 3L, EV 90.0 MPH)
|
Batting: LHB Ichiro Toyota
|
0-0: Ground out 5-3 (Groundball, 56S, EV 63.1 MPH)
|
Batting: SHB Chris Blue
|
0-0: Called Strike 0-1: Called Strike 0-2: Foul Ball, location: 2F 0-2: Foul Ball, location: 2F 0-2: Ball 1-2: Fly out, F8 (Flyball, 8RD, EV 105.0 MPH)
|
Top of the 3rd over - 0 runs, 0 hits, 0 errors, 0 left on base; St. Louis 4 - Washington 1 |
BOTTOM OF THE 3RD |
Washington Nationals batting - Pitching for St. Louis Cardinals : LHP Tsugunosuke Murakami
|
Batting: RHB Tommy Baird
|
0-0: Fly out, F9 (Flyball, 9D, EV 98.8 MPH)
|
Batting: SHB Dylan Novakowski
|
0-0: Foul Ball, location: 2F 0-1: Ground out 6-3 (Groundball, 6D, EV 81.9 MPH)
|
Batting: RHB John Sanders
|
0-0: Fly out, F7 (Line Drive, 78M, EV 90.6 MPH)
|
Bottom of the 3rd over - 0 runs, 0 hits, 0 errors, 0 left on base; St. Louis 4 - Washington 1 |
TOP OF THE 4TH |
St. Louis Cardinals batting - Pitching for Washington Nationals : RHP Jon Glenn
|
Batting: RHB Klaas Meij
|
0-0: Called Strike 0-1: Foul Ball, location: 2F 0-2: Ground out U3 (Groundball, 34, EV 77.5 MPH)
|
Batting: RHB Melvin Enriquez
|
0-0: Foul Ball, location: 2F 0-1: Ball 1-1: SINGLE (Line Drive, 7S, EV 100.0 MPH)
|
Batting: SHB Jason Kirby
|
0-0: Ball 1-0: Called Strike 1-1: Fly out, F5 (Line Drive, 5L, EV 66.9 MPH)
|
Batting: RHB Mike Bates
|
0-0: Ball 1-0: Ball Wild Pitch! Melvin Enriquez to second 2-0: Ground out 5-3 (Groundball, 56S, EV 88.8 MPH)
|
Top of the 4th over - 0 runs, 1 hit, 0 errors, 1 left on base; St. Louis 4 - Washington 1 |
BOTTOM OF THE 4TH |
Washington Nationals batting - Pitching for St. Louis Cardinals : LHP Tsugunosuke Murakami
|
Batting: RHB Kirk Arp
|
0-0: Ball 1-0: Ball 2-0: Called Strike 2-1: Ball 3-1: Called Strike 3-2: Foul Ball, location: 2F 3-2: Foul Ball, location: 2F 3-2: Foul Ball, location: 2F 3-2: Strikes out swinging
|
Batting: RHB Dave Vargas
|
0-0: SINGLE (Line Drive, 6D, EV 98.8 MPH)
|
Batting: RHB Dan Fallon
|
0-0: Foul Ball, location: 2F 0-1: Foul Ball, location: 2F 0-2: Grounds into double play, 6-4-3 (Groundball, 6M, EV 105.6 MPH)
|
Bottom of the 4th over - 0 runs, 1 hit, 0 errors, 0 left on base; St. Louis 4 - Washington 1 |
TOP OF THE 5TH |
St. Louis Cardinals batting - Pitching for Washington Nationals : RHP Jon Glenn
|
Batting: LHB Pat Sutton
|
0-0: Swinging Strike 0-1: Swinging Strike 0-2: Ball 1-2: Foul Ball, location: 2F 1-2: Foul Ball, location: 2F 1-2: Ball 2-2: Foul Ball, location: 2F 2-2: Ball 3-2: Base on Balls
|
Batting: LHB Billy Guzman
|
0-0: Called Strike 0-1: Fly out, F9 (Flyball, 8RS, EV 96.2 MPH)
|
Batting: LHB Armando Carbajal
|
Pickoff Throw to First - Out! 1-3 0-0: Foul Ball, location: 2F 0-1: Foul Ball, location: 2F 0-2: Ball 1-2: Ground out 4-3 (Groundball, 4, EV 88.8 MPH)
|
Top of the 5th over - 0 runs, 0 hits, 0 errors, 0 left on base; St. Louis 4 - Washington 1 |
BOTTOM OF THE 5TH |
Washington Nationals batting - Pitching for St. Louis Cardinals : LHP Tsugunosuke Murakami
|
Batting: LHB Kyung-jin Cho
|
0-0: Ball 1-0: Ball 2-0: Foul Ball, location: 2F 2-1: Swinging Strike 2-2: Strikes out swinging
|
Batting: RHB Darren McCarty Jr.
|
0-0: SINGLE (Line Drive, 56D, EV 95.0 MPH)
|
Batting: LHB Bob Melley
|
0-0: Foul Ball, location: 2F 0-1: Called Strike 0-2: Ball Wild Pitch! Darren McCarty Jr. to second 1-2: Ball 2-2: Strikes out swinging
|
Batting: RHB Tommy Baird
|
0-0: Ground out 6-3 (Groundball, 6, EV 88.8 MPH)
|
Bottom of the 5th over - 0 runs, 1 hit, 0 errors, 1 left on base; St. Louis 4 - Washington 1 |
TOP OF THE 6TH |
St. Louis Cardinals batting - Pitching for Washington Nationals : RHP Jon Glenn
|
Batting: LHB Ichiro Toyota
|
0-0: Ball 1-0: Swinging Strike 1-1: Ball 2-1: Swinging Strike 2-2: Foul Ball, location: 2F 2-2: Strikes out looking
|
Batting: SHB Chris Blue
|
0-0: Foul Ball, location: 2F 0-1: Ball 1-1: Fly out, F7 (Flyball, 7D, EV 104.4 MPH)
|
Batting: RHB Klaas Meij
|
0-0: Ball 1-0: Called Strike 1-1: Foul Ball, location: 2F 1-2: Ball 2-2: Strikes out looking
|
Top of the 6th over - 0 runs, 0 hits, 0 errors, 0 left on base; St. Louis 4 - Washington 1 |
BOTTOM OF THE 6TH |
Washington Nationals batting - Pitching for St. Louis Cardinals : LHP Tsugunosuke Murakami
|
Batting: SHB Dylan Novakowski
|
0-0: Ground out U3 (Groundball, 3, EV 83.8 MPH)
|
Batting: RHB John Sanders
|
0-0: Called Strike 0-1: Foul Ball, location: 2F 0-2: Ball 1-2: Ball 2-2: SINGLE (Line Drive, 9S, EV 93.1 MPH)
|
Batting: RHB Kirk Arp
|
0-0: SINGLE (Line Drive, 89S, EV 97.5 MPH) John Sanders to second Runner from 2nd tries for 3rd, SAFE, throw by CF made to third
|
Batting: RHB Dave Vargas
|
0-0: Called Strike 0-1: Called Strike 0-2: Ball 1-2: Strikes out looking
|
Batting: RHB Dan Fallon
|
0-0: Ball 1-0: Fly out, F7 (Line Drive, 7LS, EV 88.8 MPH)
|
Bottom of the 6th over - 0 runs, 2 hits, 0 errors, 2 left on base; St. Louis 4 - Washington 1 |
TOP OF THE 7TH |
St. Louis Cardinals batting - Pitching for Washington Nationals : RHP Jon Glenn
|
Batting: RHB Melvin Enriquez
|
0-0: Ball 1-0: Ball 2-0: Ball 3-0: Foul Ball, location: 2F 3-1: SOLO HOME RUN (Flyball, 89XD, EV 100.6 MPH), Distance : 396 ft
|
Pitching: RHP Seth Bowersox
|
|
Batting: SHB Jason Kirby
|
0-0: Foul Ball, location: 2F 0-1: Ball 1-1: Ground out 6-3 (Groundball, 4MS, EV 93.1 MPH)
|
Batting: RHB Mike Bates
|
0-0: Called Strike 0-1: Ball 1-1: Ball 2-1: Ball 3-1: Base on Balls
|
Batting: LHB Pat Sutton
|
0-0: Ball 1-0: Called Strike 1-1: Foul Ball, location: 2F 1-2: Ball 2-2: Fly out, F3 (Popup, 3F, EV 78.1 MPH)
|
Batting: LHB Billy Guzman
|
0-0: Ball 1-0: Fielders Choice at 2nd, 6-4 (Groundball, 56, EV 92.5 MPH)
|
Top of the 7th over - 1 run, 1 hit, 0 errors, 1 left on base; St. Louis 5 - Washington 1 |
BOTTOM OF THE 7TH |
Washington Nationals batting - Pitching for St. Louis Cardinals : LHP Tsugunosuke Murakami
|
Batting: LHB Kyung-jin Cho
|
0-0: Ball 1-0: Ground out 6-3 (Groundball, 6, EV 81.9 MPH)
|
Batting: RHB Darren McCarty Jr.
|
0-0: Ball 1-0: Fly out, F7 (Flyball, 78M, EV 90.0 MPH)
|
Batting: LHB Bob Melley
|
0-0: Ball 1-0: Ball 2-0: Ground out U3 (Groundball, 3S, EV 61.9 MPH)
|
Bottom of the 7th over - 0 runs, 0 hits, 0 errors, 0 left on base; St. Louis 5 - Washington 1 |
TOP OF THE 8TH |
St. Louis Cardinals batting - Pitching for Washington Nationals : RHP Seth Bowersox
|
Batting: LHB Armando Carbajal
|
0-0: Ball 1-0: Fly out, F7 (Flyball, BS2, EV 104.4 MPH)
|
Batting: LHB Ichiro Toyota
|
0-0: Called Strike 0-1: Ball 1-1: Fly out, F8 (Flyball, 8RD, EV 107.5 MPH)
|
Batting: SHB Chris Blue
|
0-0: Swinging Strike 0-1: SINGLE (Line Drive, 4D, EV 95.0 MPH)
|
Batting: RHB Klaas Meij
|
0-0: Ground out 4-3 (Groundball, 4S, EV 73.1 MPH)
|
Top of the 8th over - 0 runs, 1 hit, 0 errors, 1 left on base; St. Louis 5 - Washington 1 |
BOTTOM OF THE 8TH |
Washington Nationals batting - Pitching for St. Louis Cardinals : LHP Tsugunosuke Murakami
|
Batting: RHB Tommy Baird
|
0-0: Foul Ball, location: 2F 0-1: Ball 1-1: Foul Ball, location: 2F 1-2: Foul Ball, location: 2F 1-2: Ball 2-2: Ball 3-2: SINGLE (Groundball, 34D, EV 90.0 MPH) (infield hit)
|
Batting: SHB Dylan Novakowski
|
0-0: Ball 1-0: Foul Ball, location: 2F 1-1: Swinging Strike 1-2: Ball 2-2: Strikes out looking
|
Batting: RHB John Sanders
|
0-0: Called Strike 0-1: Fly out, F9 (Flyball, 9, EV 96.9 MPH)
|
Pitching: RHP Casey Cogdill
|
|
Batting: RHB Kirk Arp
|
0-0: Ball 1-0: Ball 2-0: Ball 3-0: Base on Balls Tommy Baird to second
|
Batting: RHB Dave Vargas
|
0-0: Called Strike 0-1: Ball 1-1: Swinging Strike 1-2: Strikes out swinging
|
Bottom of the 8th over - 0 runs, 1 hit, 0 errors, 2 left on base; St. Louis 5 - Washington 1 |
TOP OF THE 9TH |
St. Louis Cardinals batting - Pitching for Washington Nationals : RHP Seth Bowersox
|
Pitching: RHP Caleb Westbay
|
|
Batting: RHB Melvin Enriquez
|
0-0: Ball 1-0: Foul Ball, location: 2F 1-1: DOUBLE (Line Drive, 9LM, EV 100.0 MPH)
|
Batting: SHB Jason Kirby
|
0-0: Ball 1-0: Ball 2-0: Foul Ball, location: 2F 2-1: Foul Ball, location: 2F 2-2: Ground out 4-3 (Groundball, 13, EV 80.0 MPH) Melvin Enriquez to third
|
Batting: RHB Mike Bates
|
0-0: Foul Ball, location: 2F 0-1: Ball 1-1: Swinging Strike 1-2: Ground out 6-3 (Groundball, 6, EV 86.2 MPH) Melvin Enriquez scores
|
Batting: LHB Pat Sutton
|
0-0: Ball 1-0: Foul Ball, location: 2F 1-1: Fly out, F9 (Flyball, 89M, EV 95.0 MPH)
|
Top of the 9th over - 1 run, 1 hit, 0 errors, 0 left on base; St. Louis 6 - Washington 1 |
BOTTOM OF THE 9TH |
Washington Nationals batting - Pitching for St. Louis Cardinals : RHP Casey Cogdill
|
Batting: RHB Dan Fallon
|
0-0: Ball 1-0: Ball 2-0: Called Strike 2-1: Fly out, F9 (Flyball, 89D, EV 91.2 MPH)
|
Batting: LHB Kyung-jin Cho
|
0-0: Swinging Strike 0-1: Swinging Strike 0-2: Ball 1-2: Ball 2-2: Strikes out swinging
|
Batting: RHB Darren McCarty Jr.
|
0-0: Called Strike 0-1: Fly out, F4 (Popup, 3S, EV 76.9 MPH)
|
Bottom of the 9th over - 0 runs, 0 hits, 0 errors, 0 left on base; St. Louis 6 - Washington 1 |
|